[Event "*** Titled Tuesday Blitz"]
[Site "Chess.com"]
[Date "2020.05.12"]
[Round "5"]
[White "grandemestregringo"]
[Black "EvgenyRomanov"]
[Result "1-0"]
[WhiteElo "2480"]
[BlackElo "2644"]
[TimeControl "180+1"]
[EndTime "10:56:04 PDT"]
[Termination "grandemestregringo won by resignation"]

1. d4 Nf6 2. c4 c5 3. d5 b5 4. cxb5 a6 5. bxa6 g6 6. Nc3 Bxa6 7. g3 Bg7 8. Bg2 d6 9. Nf3 O-O 10. O-O Nbd7 11. Rb1 Qa5 12. Bd2 Rfb8 13. b3 Qa3 14. Ne1 Qa5 15. a4 Qd8 16. Nc2 Ne5 17. Na3 Ne8 18. Qc2 Nc7 19. Rfd1 Qc8 20. h3 Rb7 21.
Kh2 Rab8 22. f4 Nd7 23. e4 h5 24. Re1 Qd8 25. e5 dxe5 26. f5 e4 27. fxg6 f5 28. Nc4 Ne5 29. Nxe5 Bxe5 30. Qd1 Qf8 31. Qxh5 Qg7 32.
Qxf5 Rf8 33. Qxe4 Bxc3 34. Bxc3 Qxc3 35. Qxe7 Ne8 36. Qe6+ Kh8 37. d6 Rg7 38. d7 Nf6 39. Rbd1 Bd3 40. Re3 Bf5 41. Rxc3 Bxe6 42. d8=Q Rxd8 43.
Rxd8+ Ng8 44. Be4 Rxg6 45. Bxg6 Kg7 46. Be4 Ne7 47. Rxc5 Kf6 48. Rc7 1-0

[Event "*** Titled Tuesday Blitz"]
[Site "Chess.com"]
[Date "2020.05.12"]
[Round "5"]
[White "Yaacovn"]
[Black "BAS8892"]
[Result "1-0"]
[WhiteElo "2857"]
[BlackElo "2717"]
[TimeControl "180+1"]
[EndTime "10:56:05 PDT"]
[Termination "Yaacovn won by resignation"]

1. d4 d5 2. e3 Nf6 3. Bd3 g6 4. Nf3 Bg7 5. O-O O-O 6. h3 c5 7. c3 b6 8. Nbd2 Bb7 9. Qe2 Nc6 10. dxc5 bxc5 11. e4 e6 12. Rd1 Qc7 13. a4 a6 14.
Rb1 Rfd8 15. exd5 exd5 16. Nf1 Re8 17. Qc2 Ne4 18. Be3 d4 19. cxd4 Nb4 20. Qc1 Nxd3 21. Rxd3 c4 22. Rd1 Rac8 23. N1d2 Nxd2 24. Qxd2 Be4 25. Rbc1 Qb7 26. Ne1 Bd5 27. Bf4 Qd7 28. a5 Qf5 29. Be5 f6 30. Bg3 g5 31. Nc2 Qe4 32.
Ne3 f5 33. Nxd5 f4 34. Nxf4 gxf4 35. Bxf4 Rcd8 36. Rxc4 Rd5 37. Be3 Re6 38. Rc5 Rg6 39. g3 Be5 40. Rxd5 Bxg3 41. Rg5 Rxg5 42. Bxg5 Bd6 43. Qe3 Qf5 44. Re1 Kf7 45. Qe8+ Kg7 46. Bh4 Qf4 47. Bg3 Qxd4 48. Qd7+ 1-0

[Event "*** Titled Tuesday Blitz"]
[Site "Chess.com"]
[Date "2020.05.12"]
[Round "5"]
[White "Efremov_Vlad"]
[Black "venus02"]
[Result "1/2-1/2"]
[WhiteElo "2133"]
[BlackElo "2309"]
[TimeControl "180+1"]
[EndTime "10:56:05 PDT"]
[Termination "Game drawn by repetition"]

1. c4 Nf6 2. Nf3 e6 3. d4 Bb4+ 4. Bd2 a5 5. a3 Bxd2+ 6. Qxd2 b6 7. g3 Bb7 8. Bg2 O-O 9. O-O d6 10. Nc3 Ne4 11. Qc2 Nxc3 12. Qxc3 Nd7 13. b4 Be4 14. Ne1 Bxg2 15. Nxg2 e5 16. dxe5 Nxe5 17. c5 axb4 18. axb4 bxc5 19. bxc5 Rxa1 20. Rxa1 Qf6 21. Rf1 d5 22. c6 d4 23. Qc5 Rd8 24. Nf4 Qd6 25. Rc1 h6 26. Nd3 Nxd3 27. exd3 Qg6 28. Qc4 h5 29. h4 Rd6 30. Re1 Qf5 31. Re4 Qf6 32. Rf4 Qe6 33. Rxd4 Rxd4 34. Qxd4 Qxc6 35. Qd8+ Kh7 36.
Qd4 g6 37. Qe3 Qd5 38. Qe2 c5 39. Qc2 Kg7 40. Qc3+ Kh7 41. Qc2 Qf5 42. Qc3 Qd5 43. Qc2 1/2-1/2

[Event "*** Titled Tuesday Blitz"]
[Site "Chess.com"]
[Date "2020.05.12"]
[Round "5"]
[White "VishnuPrasanna"]
[Black "exoticprincess"]
[Result "1-0"]
[WhiteElo "2704"]
[BlackElo "2822"]
[TimeControl "180+1"]
[EndTime "10:56:06 PDT"]
[Termination "VishnuPrasanna won on time"]

1. e4 c6 2. d4 d5 3. e5 Bf5 4.
Nc3 e6 5. g4 Bg6 6. Nge2 Ne7 7.
h4 h5 8. Nf4 hxg4 9. Qxg4 Bxc2 10. Be3 Bf5 11. Qg3 Nd7 12. h5 Rc8 13. Be2 a6 14. h6 g6 15. Nd3 Bxd3 16. Bxd3 c5 17. Ne2 Qa5+ 18. Kf1 Nf5 19. Bxf5 exf5 20. e6 Nf6 21. Qe5 Be7 22. Bg5 Qd8 23. Nf4 Rc6 24. dxc5 Rh7 25. Rd1 fxe6 26. Nxe6 Qd7 27. Nd4 Ng4 28. Qe2 Rxc5 29. f3 Nxh6 30. Rxh6 Rxh6 31. Bxh6 Kf7 32. Kg2 Bf6 33. Bf4 Rc8 34. Rh1 Bxd4 35. Rh7+ Bg7 36. Bh6 Rg8 37. Qe5 Kf8 38. Qf6+ Ke8 39.
Rxg7 Rxg7 40. Bxg7 Qb5 41. Qxg6+ Ke7 42. Qf6+ Ke8 43.
Qe6+ Kd8 44. Bf6+ Kc7 45. Be5+ Kd8 46. Qxf5 Qe2+ 47. Kg3 Qe1+ 48. Kg4 Qg1+ 49. Bg3 Qd4+ 50. Kh5 Qh8+ 51. Kg4 Qd4+ 52. Bf4 Qxb2 53. Qxd5+ Kc8 54. Qe6+ Kd8 55. Qd6+ 1-0

[Event "*** Titled Tuesday Blitz"]
[Site "Chess.com"]
[Date "2020.05.12"]
[Round "5"]
[White "ChessQueen"]
[Black "profofchess"]
[Result "1/2-1/2"]
[WhiteElo "2620"]
[BlackElo "2425"]
[TimeControl "180+1"]
[EndTime "10:56:06 PDT"]
[Termination "Game drawn - insufficient material"]

1. e4 e6 2. d4 d5 3. exd5 exd5 4. Nf3 Bd6 5. c4 dxc4 6. Bxc4 Nf6 7. Qe2+ Qe7 8. Qxe7+ Kxe7 9. O-O Be6 10. Re1 Kd7 11. Bxe6+ fxe6 12. Nc3 Nc6 13. h3 Rae8 14. Be3 Rhf8 15.
Rac1 Nd5 16. Ne4 Nxe3 17. fxe3 e5 18. Nxd6 cxd6 19. dxe5 Nxe5 20. Nxe5+ Rxe5 21. Rc3 Rc8 22. Rb3 b6 23. Re2 Rc1+ 24. Kh2 h5 25. Rb4 g5 26. h4 Ke6 27. Rd4 gxh4 28. Rxh4 Rd1 29. e4 Rd3 30. b3 b5 31. Rc2 Re3 32. Rc7 R3xe4 33. Rxe4 Rxe4 34. Rxa7 b4 35. Kg3 Ke5 36.
Kf3 Kd4 37. Rc7 d5 38. Rc1 Re3+ 39. Kf2 Ke4 40. Rc8 Rc3 41. Re8+ Kd4 42. Re2 Kd3 43. Re5 d4 44. Rxh5 Rc2+ 45. Kf3 Rxa2 46. g4 Kc2 47.
Rc5+ Kxb3 48. g5 Ra1 49. Ke4 Rg1 50. Kxd4 Rg4+ 51. Ke3 Ka2 52. Kf3 Rg1 53. Rc2+ Ka3 54. Rg2 Rxg2 55. Kxg2 b3 56. g6 b2 57. g7 b1=Q 58. g8=Q Qb2+ 59. Kf3 Qb3+ 60. Qxb3+ Kxb3 1/2-1/2

[Event "*** Titled Tuesday Blitz"]
[Site "Chess.com"]
[Date "2020.05.12"]
[Round "5"]
[White "dennisodessa"]
[Black "IwkooO"]
[Result "0-1"]
[WhiteElo "2316"]
[BlackElo "2529"]
[TimeControl "180+1"]
[EndTime "10:56:06 PDT"]
[Termination "IwkooO won by checkmate"]

1. d4 Nf6 2. c4 e6 3. Nc3 Bb4 4. Qc2 O-O 5. a3 Bxc3+ 6. Qxc3 b6 7. Bg5 Bb7 8. Nf3 d6 9. e3 h6 10. Bh4 g5 11. Bg3 Ne4 12. Qc2 Nd7 13. Bd3 f5 14. d5 Ndc5 15. Nd4 exd5 16. cxd5 Bxd5 17. Bc4 Bxc4 18. Qxc4+ d5 19. Qe2 Qd7 20. b4 Ne6 21. Nxe6 Qxe6 22. Bxc7 Rac8 23. Bg3 Nc3 24. Qd3 f4 25. Rc1 Ne4 26. Rxc8 Rxc8 27. O-O fxg3 28. hxg3 Qf5 29. Qd4 Rc4 30. Qd1 Qe5 31. Qh5 Kg7 32. Qg4 Nf6 33. Qe2 Rc3 34. Qa6 Qc7 35. Kh2 Ng4+ 36. Kg1 Rc1 37. Qe2 Rxf1+ 38. Qxf1 Qc2 39. Qd1 Qxd1# 0-1

[Event "*** Titled Tuesday Blitz"]
[Site "Chess.com"]
[Date "2020.05.12"]
[Round "5"]
[White "rasmussvane"]
[Black "IljaJoke"]
[Result "0-1"]
[WhiteElo "2878"]
[BlackElo "2537"]
[TimeControl "180+1"]
[EndTime "10:56:07 PDT"]
[Termination "IljaJoke won by checkmate"]

1. Nf3 Nf6 2. g3 d5 3. Bg2 g6 4.
O-O Bg7 5. d4 O-O 6. c4 c6 7.
Qb3 dxc4 8. Qxc4 b5 9. Qc2 Bf5 10. Qd1 c5 11. Nc3 Nc6 12. d5 b4 13. Nh4 Nd4 14. Nxf5 Nxf5 15. Na4 Rc8 16. Bf4 Nd6 17.
Rc1 c4 18. Be5 Qa5 19. Re1 Nd7 20. Bxg7 Kxg7 21. e4 Ne5 22. Bf1 f6 23. f4 Nd3 24.
Bxd3 cxd3 25. b3 Qb5 26. Qd2 Rxc1 27. Rxc1 Nxe4 28. Qe3 f5 29. Qd4+ Kh6 30. Re1 d2 31. Rxe4 fxe4 32. Qxd2 Qd3 33. Qxb4 e3 34. Qxe7 Qd1+ 35.
Kg2 Qxd5+ 36. Kh3 Qf5+ 37. Kg2 Rc8 38. Qxe3 Rc2+ 39. Kf3 Rxa2 40. g4 Qd5+ 41. Qe4 Rf2+ 42. Kxf2 Qxe4 43. Kg3 Qe3+ 44. Kh4 Qxf4 45. Nc5 g5+ 46.
Kh3 Qf3# 0-1

[Event "*** Titled Tuesday Blitz"]
[Site "Chess.com"]
[Date "2020.05.12"]
[Round "5"]
[White "Playgood28"]
[Black "korbul"]
[Result "1/2-1/2"]
[WhiteElo "2262"]
[BlackElo "2565"]
[TimeControl "180+1"]
[EndTime "10:56:07 PDT"]
[Termination "Game drawn by repetition"]

1. d4 Nf6 2. c4 e6 3. Nc3 Bb4 4. Qc2 O-O 5. a3 Bxc3+ 6. Qxc3 b6 7. e3 Bb7 8. Nf3 Ne4 9. Qc2 d6 10. Be2 Nd7 11. b4 a5 12. Bb2 axb4 13. axb4 Rxa1+ 14. Bxa1 f5 15. O-O Ng5 16. d5 Nxf3+ 17. Bxf3 Qg5 18. h4 Qxh4 19. dxe6 Bxf3 20. gxf3 Qg5+ 21. Kh2 Qh6+ 22. Kg2 Qxe6 23. Rg1 Ne5 24. c5 Qd5 25. Bxe5 dxe5 26. cxb6 cxb6 27. Rd1 Qe6 28. Qc7 Qg6+ 29. Kf1 Qh5 30.
Qxe5 Qxf3 31. Rd7 Qg4 32. Qe6+ Kh8 33. Qe7 Rg8 34. Rd8 Qc4+ 35. Kg1 h6 36. Rxg8+ Qxg8 37. Qd6 b5 38. Qc5 Qb8 39. Qxf5 Qe8 40. e4 Kg8 41.
Qd5+ Kh7 42. Qc5 Qg6+ 43. Kf1 Qxe4 44. Qxb5 Qh1+ 45. Ke2 Qe4+ 46. Kf1 Qh1+ 47. Ke2 Qe4+ 48. Kf1 1/2-1/2

[Event "*** Titled Tuesday Blitz"]
[Site "Chess.com"]
[Date "2020.05.12"]
[Round "5"]
[White "Harsha_Bharathakoti"]
[Black "Bossche-CM"]
[Result "1-0"]
[WhiteElo "2804"]
[BlackElo "2436"]
[TimeControl "180+1"]
[EndTime "10:56:08 PDT"]
[Termination "Harsha_Bharathakoti won on time"]

1. Nf3 c5 2. c4 Nf6 3. Nc3 e6 4.
d4 cxd4 5. Nxd4 b6 6. e4 d6 7.
Be2 Bb7 8. f3 Be7 9. Be3 Nbd7 10. O-O a6 11. a4 Rc8 12. a5 O-O 13. Nb3 Ne5 14. axb6 Nxc4 15. Bxc4 Rxc4 16. Na5 Qc8 17. Qb3 Rc5 18. Nxb7 Qxb7 19. Bxc5 dxc5 20. Rfd1 Nd7 21. Na4 Rb8 22. Rd2 g6 23. Rad1 Nxb6 24. Qxb6 Qxb6 25. Nxb6 Rxb6 26. e5 c4 27. Rc2 Rb4 28. Rd7 Bc5+ 29. Kf1 a5 30. f4 Bb6 31. g3 Kg7 32. Rd6 a4 33. Rc6 Bd4 34. R6xc4 Rxc4 35. Rxc4 Bxb2 36. Rxa4 Bc3 37. Ke2 h5 38. Kd3 Be1 39. Ra1 Bf2 40.
Ra2 Bc5 41. Kc4 Be3 42. h4 g5 43. hxg5 Kg6 44. Kd3 Bc5 45. Ke4 Bb4 46. Ra8 Kg7 47. f5 Be1 48. f6+ Kh7 49. Rf8 1-0

[Event "*** Titled Tuesday Blitz"]
[Site "Chess.com"]
[Date "2020.05.12"]
[Round "5"]
[White "SketchyMoves"]
[Black "Zufi1811"]
[Result "1-0"]
[WhiteElo "2637"]
[BlackElo "2457"]
[TimeControl "180+1"]
[EndTime "10:56:09 PDT"]
[Termination "SketchyMoves won on time"]

1. e4 c5 2. Nc3 Nc6 3. Bb5 Nd4 4. Nf3 Nxb5 5. Nxb5 d6 6. d4 a6 7. Nc3 cxd4 8.
Qxd4 e5 9. Qd3 h6 10. Nd2 Nf6 11. Nc4 Be6 12. Ne3 Rc8 13. O-O Be7 14. b3 O-O 15.
a4 Qc7 16. Bb2 Rfd8 17. Rfd1 g6 18. Rd2 Qc6 19. Rad1 Rd7 20. h3 Bd8 21. Ncd5 Bxd5 22.
Nxd5 Nxd5 23. exd5 Qc5 24. c4 b5 25. cxb5 axb5 26. Rc1 Qxc1+ 27. Bxc1 Rxc1+ 28. Rd1 Rxd1+ 29. Qxd1 bxa4 30. bxa4 Ba5 31. Qb3 Kg7 32. Qb8 Rc7 33.
Kh2 e4 34. Qb5 Rc5 35. Qe2 f5 36. Qa6 Bc7 37. Qb7 Kf6 38. Qb2+ Kf7 39. Qh8 Ba5 40.
Qh7+ Kf6 41. Qg8 Bc7 42. a5 Bxa5 43. Qe6+ Kg7 44. Qe7+ Kg8 45. g4 fxg4 46. hxg4 Bc7 47. Kg2 Rc4 48. Kg3 h5 49. gxh5 gxh5 50. Kh3 Kh8 51.
Kh4 1-0

[Event "*** Titled Tuesday Blitz"]
[Site "Chess.com"]
[Date "2020.05.12"]
[Round "5"]
[White "Azatnew"]
[Black "Poghosyan_Suren"]
[Result "0-1"]
[WhiteElo "2721"]
[BlackElo "2509"]
[TimeControl "180+1"]
[EndTime "10:56:10 PDT"]
[Termination "Poghosyan_Suren won on time"]

1. Nf3 Nf6 2. g3 c5 3. Bg2 Nc6 4. O-O g6 5. c4 d6 6. Nc3 Bg7 7.
d4 cxd4 8. Nxd4 Bd7 9. b3 Qc8 10. Bb2 Bh3 11. Nd5 Nxd5 12. cxd5 Ne5 13. Rc1 Qd7 14. Ne6 Bxe6 15. dxe6 fxe6 16. f4 Nf3+ 17. exf3 Bxb2 18. Rc2 Bf6 19. Bh3 O-O 20. Qe2 Kg7 21.
Bxe6 Qd8 22. Rfc1 Qb6+ 23. Kg2 Rad8 24. Rc7 d5 25. Bh3 d4 26. Qd3 Rd6 27. R7c4 Qa5 28.
R4c2 Qa6 29. Qxa6 Rxa6 30. Rd2 Rd8 31. Kf2 d3 32. Rc4 b5 33. Rc7 Bd4+ 34. Kf1 Kf6 35. Rxd3 Rxa2 36. Rc6+ Kg7 37. Re6 Rf2+ 38. Ke1 Rxh2 39.
Bf1 b4 40. Rxe7+ Kf6 41. Rxa7 Bc3+ 42. Kd1 Rxd3+ 43. Bxd3 Rd2+ 44. Kc1 Rxd3 45. Rxh7 Rxf3 46. g4 Rxf4 0-1

[Event "*** Titled Tuesday Blitz"]
[Site "Chess.com"]
[Date "2020.05.12"]
[Round "5"]
[White "Stewie_89"]
[Black "Andrii_Prydun"]
[Result "1/2-1/2"]
[WhiteElo "2616"]
[BlackElo "2421"]
[TimeControl "180+1"]
[EndTime "10:56:10 PDT"]
[Termination "Game drawn by repetition"]

1. e4 c6 2. d4 d5 3. Nd2 dxe4 4. Nxe4 Nd7 5. Nf3 Ngf6 6. Nxf6+ Nxf6 7. Ne5 Bf5 8. c3 h6 9. Qb3 Be6 10. Qxb7 Rc8 11. Be2 Bd5 12. O-O Rc7 13. Qa6 e6 14. c4 Be4 15. Be3 Bd6 16. f3 Bf5 17. Nxc6 Bxh2+ 18. Kxh2 Qd6+ 19. Kg1 Rxc6 20. Qxa7 O-O 21. Qa5 Rb8 22.
b3 Rcc8 23. Rfd1 Ra8 24. Qe5 Qb4 25. d5 Bc2 26. Rdc1 Bf5 27. dxe6 Bxe6 28. Qc3 Qd6 29. Rd1 Qg3 30. Bf2 Qg5 31. Qe3 Qg6 32. Bd3 Qh5 33. Be4 Ra5 34. Bg3 Re8 35. Qf2 Rg5 36. Bf4 Nxe4 37. fxe4 Rg6 38. Rd3 Bh3 39.
Rg3 Rxe4 40. Rf1 Re2 41. Rxh3 Rxg2+ 42. Qxg2 Rxg2+ 43. Kxg2 Qe2+ 44. Rf2 Qe4+ 45. Rhf3 g5 46. Kg3 f5 47. Bxg5 hxg5 48. Rxf5 Qh4+ 49. Kg2 Qg4+ 50.
Kf1 Qd1+ 51. Kg2 Qg4+ 52. Kh2 Qh4+ 53. Kg1 Qg4+ 54. Kh1 Qh3+ 55. Kg1 Qg4+ 56. Kf1 Qd1+ 57. Kg2 Qg4+ 1/2-1/2

[Event "*** Titled Tuesday Blitz"]
[Site "Chess.com"]
[Date "2020.05.12"]
[Round "5"]
[White "mshuaau0"]
[Black "UmutErdemGunduz"]
[Result "0-1"]
[WhiteElo "2177"]
[BlackElo "2396"]
[TimeControl "180+1"]
[EndTime "10:56:10 PDT"]
[Termination "UmutErdemGunduz won by resignation"]

1. e4 e5 2. Nf3 Nc6 3. Bc4 Bc5 4. Nc3 Nf6 5. d3 O-O 6. Bg5 h6 7. Bh4 d6 8. Nd5 g5 9. Nxg5 Nxd5 10. Bxd5 hxg5 11. Qh5 Qf6 12. Bxg5 Qg7 13. Bh6 Qg4 14. Qxg4+ Bxg4 15. Bxf8 Rxf8 16. f3 Be6 17. Bxe6 fxe6 18.
c3 d5 19. Ke2 Kf7 20. h4 Ne7 21.
b4 Bd6 22. h5 c6 23. g4 Kf6 24. h6 Ng6 25. Rh5 Nf4+ 26. Ke3 Nxh5 27. gxh5 Rh8 28. Rg1 Rxh6 29. Rh1 d4+ 30. cxd4 Bxb4 31. dxe5+ Kxe5 32. f4+ Kf6 33. Kf3 e5 34. fxe5+ Kxe5 35. Kg4 Bd2 36. Rh2 Be3 37. Rh3 Kd4 38. Rf3 Kxd3 39.
e5 Ke4 40. Rxe3+ Kxe3 41. Kg5 Rh8 42. e6 Ke4 43. Kf6 Rxh5 44. e7 Re5 45. Kf7 c5 46. e8=Q Rxe8 47. Kxe8 c4 48. Kd7 c3 49. Kc7 c2 50.
Kxb7 c1=Q 51. a4 Qa3 52. a5 Qxa5 0-1

[Event "*** Titled Tuesday Blitz"]
[Site "Chess.com"]
[Date "2020.05.12"]
[Round "5"]
[White "miruna_daria28"]
[Black "jonaszmb"]
[Result "0-1"]
[WhiteElo "2258"]
[BlackElo "2499"]
[TimeControl "180+1"]
[EndTime "10:56:10 PDT"]
[Termination "jonaszmb won on time"]

1. e4 c6 2. d4 d5 3. e5 c5 4. dxc5 e6 5. Nf3 Bxc5 6. a3 Ne7 7. Bd3 Ng6 8. O-O Nc6 9. Re1 Qb6 10. Qd2 O-O 11. b4 Be7 12. Bb2 Bd7 13. c4 dxc4 14.
Bxc4 Rfd8 15. Qe2 Rac8 16. Nbd2 Be8 17. Rac1 Nf4 18. Qf1 a5 19. b5 Na7 20. a4 Bb4 21.
Red1 Nd5 22. Ne4 Rc7 23. Rc2 Nc8 24. Bd4 Bc5 25. Nxc5 Rxc5 26. Bxd5 Rdxd5 27. Bxc5 Rxc5 28. Rxc5 Qxc5 29. Rd8 Kf8 30. Qd1 Ne7 31. g3 Nd5 32.
Kg2 Ke7 33. Rb8 Qc7 34. Ra8 b6 35. Qd4 Qb7 36. Ra6 g5 37. Qc4 h5 38. h3 g4 39. hxg4 hxg4 40. Qxg4 Bc6 41. Qg5+ Kf8 42. bxc6 Qxa6 43. Qd8+ Kg7 44. c7 Qe2 45. c8=Q Ne3+ 46. Kh3 Qf1+ 47. Kh4 Qh1+ 0-1

[Event "*** Titled Tuesday Blitz"]
[Site "Chess.com"]
[Date "2020.05.12"]
[Round "5"]
[White "Evgeny81"]
[Black "SCIM"]
[Result "1-0"]
[WhiteElo "2712"]
[BlackElo "2551"]
[TimeControl "180+1"]
[EndTime "10:56:11 PDT"]
[Termination "Evgeny81 won by resignation"]

1. d4 Nf6 2. c4 g6 3. Nc3 d5 4.
Nf3 Bg7 5. cxd5 Nxd5 6. e4 Nxc3 7. bxc3 c5 8. Be3 O-O 9. Be2 Bg4 10. O-O cxd4 11.
cxd4 Nc6 12. e5 Rc8 13. h3 Bxf3 14. Bxf3 Qa5 15. Qb3 Qa6 16. Rab1 b6 17. Bxc6 Rxc6 18. d5 Rc4 19. e6 fxe6 20. dxe6 Ra4 21. Rfd1 Rxa2 22.
Rd7 Bf6 23. Qd5 Bh4 24. Rd8 Bxf2+ 25. Kh1 Bxe3 26. Rxf8+ Kxf8 27. Qd8+ Kg7 28. Qxe7+ Kh6 29. Qf8+ Kg5 30. e7 Ra1 31. h4+ Kxh4 32. Qf6+ Bg5 33. Qd4+ Kh5 34. Qd1+ Kh6 35. Rxa1 Qb5 36. Qe1 Bxe7 37.
Qxe7 Qh5+ 38. Kg1 a5 39. Qf8+ Kg5 40. Rf1 Qg4 41. Qd8+ Kh5 42. Qxb6 a4 43. Qc5+ g5 44. Qf5 Qd4+ 45. Kh2 Qh4+ 46. Qh3 Qxh3+ 47. Kxh3 Kg6 48.
Ra1 h5 49. Rxa4 1-0

[Event "*** Titled Tuesday Blitz"]
[Site "Chess.com"]
[Date "2020.05.12"]
[Round "5"]
[White "katchesskat"]
[Black "chess94cu"]
[Result "1-0"]
[WhiteElo "2267"]
[BlackElo "2452"]
[TimeControl "180+1"]
[EndTime "10:56:12 PDT"]
[Termination "katchesskat won by resignation"]

1. c4 Nf6 2. e3 e6 3. a3 d5 4. Qc2 Be7 5. Nf3 O-O 6. Be2 c5 7. b3 b6 8. Bb2 Bb7 9. d3 Nbd7 10.
Nbd2 Rc8 11. O-O Qc7 12. Rfe1 Rfd8 13. h3 Qb8 14. Rac1 a6 15. Qb1 Qa8 16. Bf1 b5 17.
Qc2 Qb8 18. Be2 Re8 19. Rb1 Bf8 20. Rbc1 e5 21. cxd5 Bxd5 22. Qb1 Qa8 23. Qa1 e4 24. dxe4 Nxe4 25. Nxe4 Bxe4 26. Red1 Nb6 27. a4 b4 28. a5 Nd5 29. Ng5 Bxg2 30. Qb1 g6 31. Bc4 h6 32.
Nxf7 Be4 33. Bd3 Nc3 34. Bxc3 bxc3 35. Bxe4 Qxe4 36. Qxe4 Rxe4 37. Nd6 Bxd6 38. Rxd6 Kg7 39. Rxc3 Rb4 40. Rxa6 Rcb8 41. Rxc5 R8b7 42. Rcc6 Rxb3 43. Rxg6+ Kf7 44. Rxh6 R3b5 45. Rh7+ Kg8 46. Rxb7 Rxb7 47. Rb6 Rc7 48. a6 Rc1+ 49. Kg2 Ra1 50. Kf3 Kf7 51. Kf4 Ke7 52. f3 Ra4+ 53. e4 Ra5 54. e5 Kf7 55.
Kf5 Ra3 56. f4 Ra4 57. Rb7+ Ke8 58. a7 Kf8 59. Rb8+ Kf7 60. a8=Q 1-0

[Event "*** Titled Tuesday Blitz"]
[Site "Chess.com"]
[Date "2020.05.12"]
[Round "5"]
[White "MartinMatthiesen"]
[Black "DDTerziev04"]
[Result "1-0"]
[WhiteElo "2408"]
[BlackElo "2273"]
[TimeControl "180+1"]
[EndTime "10:56:12 PDT"]
[Termination "MartinMatthiesen won by checkmate"]

1. d4 d5 2. c4 dxc4 3. Nf3 Nf6 4. e3 e6 5. Bxc4 a6 6. O-O b5 7. Be2 Bb7 8. a4 b4 9. a5 Nbd7 10. b3 c5 11. Bb2 Be7 12. Nbd2 O-O 13. Nc4 Bd5 14.
Nfd2 cxd4 15. Bxd4 Bc5 16. Bxc5 Nxc5 17. Nb6 Rb8 18. Rc1 Qe7 19. f3 e5 20. Qc2 Nb7 21.
Bxa6 Nxa5 22. Nxd5 Nxd5 23. Qc5 Qd8 24. Rfd1 Nc3 25.
Bc4 Nxd1 26. Rxd1 Nxc4 27. Qxc4 Qe7 28. Qe2 Rfd8 29. Rc1 Rbc8 30. Nc4 e4 31. f4 Qe6 32. Rb1 f5 33. h3 Rd3 34. Qc2 Rc3 35. Qd2 Rd3 36. Qc2 Rcd8 37. Ra1 Rc3 38. Qb2 Rdd3 39.
Ra8+ Kf7 40. Nd2 Rxe3 41. Ra7+ Kg6 42. Nf1 Red3 43. Qf2 Kh6 44. Qh4+ Kg6 45. Qg5# 1-0

[Event "*** Titled Tuesday Blitz"]
[Site "Chess.com"]
[Date "2020.05.12"]
[Round "5"]
[White "LivajaM"]
[Black "Flawless_Fighter"]
[Result "0-1"]
[WhiteElo "2279"]
[BlackElo "2479"]
[TimeControl "180+1"]
[EndTime "10:56:14 PDT"]
[Termination "Flawless_Fighter won by resignation"]

1. d4 Nf6 2. Bg5 e6 3. Nf3 d5 4. c4 Bb4+ 5. Nc3 dxc4 6. Qa4+ Nc6 7. e3 a6 8. Bxc4 Bd7 9. Qc2 h6 10. Bh4 O-O 11. Rd1 b5 12. Bd3 Qe7 13. O-O g5 14. Nxg5 hxg5 15. Bxg5 Bxc3 16. bxc3 e5 17. d5 Na5 18.
Bf5 Kg7 19. f4 e4 20. Bxd7 Qxd7 21. Bxf6+ Kxf6 22. Qxe4 Qd6 23. Qd4+ Ke7 24. e4 Qb6 25.
e5 Qxd4+ 26. Rxd4 Nc4 27. Re1 Rg8 28. Kf2 Rad8 29. Kf3 Nb6 30. Red1 f5 31. d6+ cxd6 32. Rxd6 Nc4 33. R6d4 Rxd4 34. Rxd4 Rc8 35. h3 Nb2 36. Rd6 Rxc3+ 37. Kf2 Nd3+ 38. Ke3 Nb4+ 39. Kf2 Ra3 40.
Rf6 Rxa2+ 41. Kg3 Ra3+ 42. Kh4 Nd5 43. g3 Nxf6 44. exf6+ Kxf6 45. g4 fxg4 46. hxg4 Rf3 47. f5 Rf4 48. Kh5 b4 49. Kh6 Rxg4 50. Kh5 Kxf5 0-1

[Event "*** Titled Tuesday Blitz"]
[Site "Chess.com"]
[Date "2020.05.12"]
[Round "5"]
[White "Azatic"]
[Black "Sjakkerntobi"]
[Result "1/2-1/2"]
[WhiteElo "2571"]
[BlackElo "2306"]
[TimeControl "180+1"]
[EndTime "10:56:15 PDT"]
[Termination "Game drawn by agreement"]

1. e4 e6 2. d4 d5 3. e5 c5 4. c3 Nc6 5. Nf3 Bd7 6. a3 Rc8 7. b4 cxd4 8. cxd4 Nh6 9. Bd3 Nf5 10. Be3 Qb6 11. Bxf5 exf5 12. O-O Be6 13. Qd3 Be7 14. Nc3 O-O 15. Rac1 a6 16. Na4 Qb5 17. Qxb5 axb5 18. Nc5 b6 19. Nxe6 fxe6 20. h4 h6 21. g3 Na7 22.
Nd2 g5 23. hxg5 hxg5 24. f4 g4 25. Kf2 Kg7 26. Ke2 Rxc1 27. Rxc1 Rc8 28. Rxc8 Nxc8 29. Nb1 Kf7 30. Nc3 Na7 31. Kd3 Ke8 32. Kc2 Kd7 33.
Kb3 Kc6 34. Bd2 Kb7 35. a4 Ka6 36. Be3 bxa4+ 37. Kxa4 b5+ 38. Kb3 Nc6 39. Na2 Bd8 40. Kc3 Be7 41. Bf2 Kb6 42. Be3 Kb7 43. Bf2 Kc7 44. Be3 Kb6 45. Bf2 Kb7 46. Be3 Kb6 47. Bf2 Kb7 48. Be3 1/2-1/2

[Event "*** Titled Tuesday Blitz"]
[Site "Chess.com"]
[Date "2020.05.12"]
[Round "5"]
[White "BakaPG"]
[Black "GeorgMeier"]
[Result "1-0"]
[WhiteElo "2645"]
[BlackElo "3008"]
[TimeControl "180+1"]
[EndTime "10:56:16 PDT"]
[Termination "BakaPG won by checkmate"]

1. e4 e6 2. d4 d5 3. e5 c5 4. c3 Ne7 5. Nf3 Nec6 6. a3 a5 7. Bd3 b6 8. O-O Ba6 9. Ng5 Be7 10. f4 cxd4 11. cxd4 Nxd4 12. Be3 Bxd3 13. Qxd3 Nf5 14.
Bd2 h5 15. Nc3 Nc6 16. Rae1 Rc8 17. Nb5 g6 18. Nf3 Qd7 19. g3 Kf8 20. h3 Kg7 21.
Kg2 h4 22. g4 Ng3 23. Rf2 Bc5 24. Be3 a4 25. Nfd4 Nxd4 26. Bxd4 Ne4 27. Rf3 Rhg8 28. Ref1 Kf8 29. Kh2 Ke8 30. f5 gxf5 31. gxf5 Rg3 32.
fxe6 Qxe6 33. Rxg3 hxg3+ 34. Kg2 Kd7 35. Bxc5 bxc5 36. Na7 Rb8 37. Qc2 Kc7 38. Qxa4 Rxb2+ 39.
Kg1 Kb7 40. Nb5 Rxb5 41. Qxb5+ Kc8 42. Rb1 Qxe5 43. Qc6+ Kd8 44. Qa8+ Ke7 45. Rb7+ Kf6 46. Qh8+ Kf5 47. Rxf7+ Nf6 48. Qh7+ Kf4 49. Qh4+ Kf5 50. Qg4# 1-0

[Event "*** Titled Tuesday Blitz"]
[Site "Chess.com"]
[Date "2020.05.12"]
[Round "5"]
[White "NZT72"]
[Black "kleinebeer98"]
[Result "1/2-1/2"]
[WhiteElo "2475"]
[BlackElo "2657"]
[TimeControl "180+1"]
[EndTime "10:56:16 PDT"]
[Termination "Game drawn by repetition"]

1. c4 Nf6 2. g3 e6 3. Bg2 Be7 4. Nf3 O-O 5. O-O d5 6. d4 dxc4 7. Qa4 a6 8. Qxc4 b5 9. Qc2 Bb7 10. Bd2 Nc6 11. e3 Rc8 12. Rc1 Nb4 13. Bxb4 Bxb4 14. a3 Bd6 15. b4 a5 16. Qb2 Ra8 17. Nc3 Nd5 18. Nxb5 axb4 19. Nxd6 Qxd6 20. axb4 Nxb4 21.
Rcb1 Rxa1 22. Rxa1 Bd5 23. Qc3 Rb8 24. Rb1 c6 25.
Ne5 Bxg2 26. Kxg2 f6 27. Nd3 Nxd3 28. Rxb8+ Qxb8 29. Qxd3 Qd6 30. h4 h6 31. Qc3 Kf7 32.
Kh2 Kg6 33. Qc2+ Kf7 34. Qc3 Qd5 35. Qc2 Qf3 36. Kg1 Qd5 37. Qc3 Qf3 38. Qc2 f5 39. Qc5 Qd1+ 40. Kg2 Qa4 41. Qd6 Qc4 42. Qd7+ Kf8 43.
Qd8+ Kf7 44. Qd7+ Kg8 45. Qe8+ Kh7 46. Qe7 Qd5+ 47. Kg1 Qe4 48. Qd6 Qd5 49. Qe7 Qe4 50. Qd6 Qd5 51. Qe7 1/2-1/2

[Event "*** Titled Tuesday Blitz"]
[Site "Chess.com"]
[Date "2020.05.12"]
[Round "5"]
[White "Kostya26"]
[Black "bazar-wokzal"]
[Result "0-1"]
[WhiteElo "2394"]
[BlackElo "2552"]
[TimeControl "180+1"]
[EndTime "10:56:17 PDT"]
[Termination "bazar-wokzal won on time"]

1. d4 Nf6 2. Nf3 e6 3. Bf4 c5 4. e3 b6 5. c3 Bb7 6. Bd3 Be7 7.
Nbd2 h6 8. h3 d6 9. Qe2 Nbd7 10.
Rd1 Qc7 11. Bh2 O-O-O 12. O-O g5 13. Ba6 g4 14. Bxb7+ Qxb7 15. hxg4 Nxg4 16. e4 Nxh2 17. Kxh2 Rdg8 18. Nc4 d5 19. exd5 Qxd5 20. dxc5 Qxc5 21. Qe4 Qc7+ 22. Kh1 Kb8 23. Nce5 Nc5 24. Qc6 f6 25. Nd7+ Nxd7 26. Qxd7 e5 27. Nh4 Rd8 28. Qxc7+ Kxc7 29. Ng6 Rhe8 30. Nxe7 Rxe7 31. Rxd8 Kxd8 32. Rd1+ Kc7 33. Kh2 Kc6 34. Kg3 f5 35. Kh4 Rg7 36. g3 b5 37. Kh5 e4 38. Kxh6 Rg8 39. Kh7 Rg4 40. Rd8 f4 41. gxf4 Rxf4 42. Rd4 Rxf2 43. Rxe4 Rxb2 44. a4 bxa4 45. Rxa4 Kb6 46. Kg6 a5 47. c4 Rb4 48. Ra1 Rxc4 49. Kf5 Kb5 50. Ke5 a4 51. Kd5 Rh4 52. Rb1+ Ka5 53. Ra1 a3 54.
Rxa3+ Kb4 55. Rd3 Rh5+ 0-1